 Dungeon Crawl Stone Soup version 0.28-a0-1199-gef9e1dbd39 (webtiles) character file.

Game seed: 15569798754167436088

1008 bande the Chopper (level 8, 0/50 HPs)
             Began as a Gargoyle Fighter on Dec 20, 2021.
             Slain by an orc priest (3 damage)
             ... on level 4 of the Dungeon.
             The game lasted 00:07:39 (4792 turns).

bande the Chopper (Gargoyle Fighter)                Turns: 4792, Time: 00:07:40

Health: 0/50       AC: 14    Str: 22    XL:     8   Next: 20%
Magic:  8/8        EV:  9    Int:  9    God:
Gold:   347        SH:  0    Dex: 11    Spells: 7/7 levels left

rFire   . . .      SeeInvis +   a - +0 war axe
rCold   . . .      Faith    .   c - +0 buckler
rNeg    + . .      Spirit   .   b - +0 scale mail
rPois   ∞          Reflect  .   i - +0 helmet
rElec   +          Harm     .   (no cloak)
rCorr   +          Rampage  .   (no gloves)
Will    .....                   (no boots)
Stlth   ..........              (no amulet)
HPRegen 0.16/turn               l - ring of see invisible
MPRegen 0.11/turn               p - ring of resist corrosion

@: confused
A: sickness immunity, AC +5, negative energy resistance 1, electricity
resistance, torment resistance 1, petrification resistance, strong 1, wild magic
1
a: no special abilities


You were on level 4 of the Dungeon.
You visited 1 branch of the dungeon, and saw 4 of its levels.
You also visited: Sewer.

You collected 347 gold pieces.

Inventory:

Hand Weapons
 a - a +0 war axe (weapon)
 s - a +0 flail
Missiles
 k - a throwing net (quivered)
Armour
 b - a +0 scale mail (worn)
 c - a +0 buckler (worn)
 i - a +0 helmet (worn)
Jewellery
 f - an amulet of the acrobat
 l - a ring of see invisible (left hand)
 p - a ring of resist corrosion (right hand)
Scrolls
 r - 2 scrolls of teleportation
Potions
 d - a potion of mutation
 e - a potion of degeneration {unknown}
 g - 2 potions of brilliance
 h - 2 potions of invisibility
 m - a potion of attraction {unknown}
 n - 4 potions of flight
 o - a potion of berserk rage {unknown}
 q - 2 potions of resistance {unknown}


   Skills:
 + Level 5.4 Fighting
 + Level 6.3 Axes
 + Level 5.4 Armour
 + Level 4.7 Shields


You had 7 spell levels left.
You didn't know any spells.
Your spell library contained the following spells:

 Spells                   Type           Power      Damage    Failure   Level
 Ensorcelled Hibernation  Hex/Ice        0%         N/A       88%         2
 Tukima's Dance           Hex            0%         N/A       98%         3
 Leda's Liquefaction      Hex/Erth       0%         N/A       100%        4
 Lee's Rapid Deconstruct  Erth           0%         3d5*      100%        5
 Statue Form              Tmut/Erth      Unusable   N/A       N/A         6

Dungeon Overview and Level Annotations

Branches:
Dungeon (4/15)              Sewer (visited)
 Temple: D:4-7

Altars:
Gozag
Yredelemnul


Innate Abilities, Weirdness & Mutations

You are immune to sickness and miasma.
Your stone body is resilient. (AC +5)
You are immune to poison.
You resist negative energy. (rN+)
You are resistant to electric shocks. (rElec)
You are resistant to unholy torment.
You are immune to petrification.
Your muscles are strong. (Str +2)
Your spells are a little harder to cast, but a little more powerful.


Message History

The orc priest shouts!
The orc priest looks satisfied for a moment.
An orc priest comes into view. It is wielding a +0 spear.
Found a robe.
The orc priest shouts!
The orc priest miscasts a cantrip.
You closely miss the orc wizard. You block the orc wizard's attack.
The orc wizard hits you with a +0 dagger.
You hit the orc wizard but do no damage.
You slash the orc wizard! You slash the orc!
You kill the orc!
The orc priest mumbles some strange prayers to Beogh against you.
Beogh smites you! The orc wizard closely misses you.
The orc priest invokes the aid of Beogh against you.
Beogh smites you! The orc wizard casts a spell at you. The magic dart hits you.
You closely miss the orc wizard. You hit the orc wizard.
The orc wizard hits you but does no damage.
The orc priest calls down the wrath of Beogh upon you.
Beogh smites you!
* * * LOW HITPOINT WARNING * * *
The orc priest invokes the aid of Beogh against you.
You struggle to resist.
The orc wizard hits you but does no damage.
Found a club.
The orc wizard hits you with a +0 dagger.
* * * LOW HITPOINT WARNING * * *
The orc wizard hits you but does no damage.
You hit the orc priest.
The orc priest is lightly wounded.
You slash the orc wizard! You barely miss the orc wizard.
The orc wizard points at you and mumbles some strange words.
You are confused.
The orc priest hits you but does no damage.
The orc wizard hits you but does no damage.
It was a potion of magic.
Magic courses through your body. The orc wizard barely misses you.
The orc priest barely misses you. The orc priest hits you with a +0 whip.
You die...

#..............<...#............
#.........#........#............
##........##.......#####........
######.#######.#.### #........
#.# #.#...# #........ ###
#.#.#.# #........ #######.....#
####...## #.......o#### #.....
#.....)@o# #..... #......o.#
#...## #.....o..# #.....
.........# #..... .........#
##'#.† .........# ###.†
....[....# #.. ....).#### #..
#..


You could see 2 orc priests and 2 orc wizards.

Vanquished Creatures
  Sigmund (D:2)
  A water moccasin (D:3)
  A black bear (D:4)
  A phantom (D:4)
  2 kobold brigands (D:3)
  The ghost of karrick the Sneak, a weakling GnEn of Okawaru (D:2)
  A hound (D:4)
  Jessica (D:3)
  An iguana (D:4)
  A merfolk siren (Sewer)
  An orc wizard (D:3)
  A merfolk avatar (Sewer)
  A hound zombie (D:3)
  2 hound skeletons
  A gnoll (D:1)
  7 adders
  A river rat (Sewer)
  An ufetubus (D:4)
  A worm (D:2)
  2 dart slugs
  4 orcs
  9 bats
  7 endoplasms
  9 giant cockroaches
  4 goblins
  3 hobgoblins
  4 jackals (D:4)
  8 quokkas
  13 ball pythons
  A ball python zombie (D:3)
  7 frilled lizards
  11 kobolds
  2 quokka skeletons (D:3)
  26 rats
137 creatures vanquished.

Vanquished Creatures (others)
  A withered plant (D:3)
1 creature vanquished.

Grand Total: 138 creatures vanquished

Notes
Turn   | Place    | Note
-------+----------+-------------------------------------------
     0 | D:1      | bande the Gargoyle Fighter began the quest for the Orb.
     0 | D:1      | Reached XP level 1. HP: 14/14 MP: 1/1
   151 | D:1      | Reached XP level 2. HP: 19/19 MP: 2/2
   181 | D:1      | Reached skill level 2 in Axes
   311 | D:1      | Reached XP level 3. HP: 23/23 MP: 3/3
   503 | D:1      | Found a faded altar of an unknown god.
  1021 | D:2      | Found a basalt altar of Yredelemnul.
  1078 | D:2      | Reached XP level 4. HP: 19/29 MP: 4/4
  1326 | D:2      | Noticed Sigmund
  1346 | D:2      | HP: 1/29 [Sigmund (7)]
  1349 | D:2      | Killed Sigmund
  1350 | D:2      | Reached skill level 3 in Axes
  1350 | D:2      | Reached XP level 5. HP: 1/33 MP: 5/5
  1350 | D:2      | Reached XP level 6. HP: 1/38 MP: 6/6
  2151 | D:3      | Reached skill level 4 in Axes
  2428 | D:3      | Noticed Jessica
  2435 | D:3      | Killed Jessica
  2489 | D:3      | Noticed a water moccasin
  2504 | D:3      | Killed a water moccasin
  2505 | D:3      | Reached XP level 7. HP: 15/44 MP: 7/7
  2883 | D:3      | Reached skill level 5 in Axes
  3129 | D:3      | Found a runed translucent gate.
  3129 | D:3      | Found a runed translucent gate.
  3139 | D:3      | Found a runed translucent gate.
  3139 | D:3      | Found an opulent altar of Gozag.
  3141 | D:3      | Noticed karrick's ghost (weakling GnEn)
  3471 | D:2      | Killed karrick's ghost
  3472 | D:2      | Reached skill level 5 in Fighting
  3472 | D:2      | Reached skill level 5 in Armour
  4038 | D:4      | Found a glowing drain.
  4053 | Sewer    | Entered a sewer
  4156 | Sewer    | Reached XP level 8. HP: 47/49 MP: 8/8
  4290 | Sewer    | Reached skill level 6 in Axes
  4660 | D:4      | Gained mutation: Your spells are a little harder to cast,
                  | but a little more powerful. [potion of mutation]
  4660 | D:4      | Gained mutation: Your muscles are strong. (Str +2) [potion
                  | of mutation]
  4790 | D:4      | HP: 2/50 [orc wizard (3)]
  4792 | D:4      | Slain by an orc priest

Illustrated notes

Levels and vault maps discovered:
D:1:      psy_arrival_dodecagon, layout_loops_corners,
          hellmonk_ecumenical_altar_crossroads, grunt_decor_cap
D:2:      layout_basic, basic_altar, minmay_pentomino_o4, uniq_sigmund
D:3:      cheibrodos_thug_alley, layout_basic, serial_undead, serial_undead_c,
          serial_undead_d, serial_undead_e, serial_undead_a,
          ebering_ghost_gozag, uniq_jessica
D:4:      layout_basic, gup_sewer_entry_pipe

Skill      XL: |  1  2  3  4  5  6  7  8 |
---------------+-------------------------+-----
Axes           | 2 3 4 5 6 |  6.3
Armour         | 4 5 |  5.4
Fighting       | 4 5 |  5.4
Shields        | 4 |  4.7

Action                   |  1- 3 |  4- 6 |  7- 9 || total
-------------------------+-------+-------+-------++-------
Melee: War axe           |    83 |   119 |   226 ||   428
  Use: Scroll            |     3 |     1 |     5 ||     9
       Potion            |       |     1 |     2 ||     3
Armor: Scale mail        |    59 |    67 |   166 ||   292
Dodge: Dodged            |    42 |    53 |   136 ||   231
Block: Buckler           |    18 |    30 |    67 ||   115

Table legend: (Time is in decaauts)
 A = Elapsed time spent in this place.
 B = Non-inter-level travel time spent in this place.
 C = Inter-level travel time spent in this place.
 D = Time resting spent in this place.
 E = Time spent auto-exploring this place.
 F = Levels seen in this place.
 G = Mean time per level.
                   A        B        C        D        E       F      G
               +--------+--------+--------+--------+--------+-----+--------+
         Total |   4980 |   4872 |    108 |   1168 |   2544 |   5 |  996.0 |
       Dungeon |   4397 |   4289 |    108 |   1168 |   2233 |   4 | 1099.2 |
         Sewer |    583 |    583 |      0 |      0 |    310 |   1 |  583.0 |
               +--------+--------+--------+--------+--------+-----+--------+

Top non-repeatable levels by time:
     D:2: 1422 daAuts
     D:3: 1398 daAuts
     D:1: 888 daAuts
     D:4: 687 daAuts
   Sewer: 583 daAuts
